[Event "Late-Titled-Tuesday-Blitz-September-26-2023"]
[Site "Chess.com"]
[Date "2023.09.26"]
[Round "10"]
[White "Eloist"]
[Black "tarno17"]
[Result "1-0"]
[WhiteElo "2456"]
[BlackElo "2159"]
[TimeControl "180+1"]
[EndTime "15:51:25 PDT"]
[Termination "Eloist won by checkmate"]

1. e4 c5 2. Nf3 e6 3. d4 cxd4 4. Nxd4 a6 5. Bd3 Bc5 6. Nb3 Be7 7. Qg4 g6 8. Qe2 d6 9. O-O Nd7 10. c4 Qc7 11. Nc3 b6 12. f4 Ngf6 13. Bd2 Bb7 14. Rae1 h5 15. h3 Rd8 16. f5 gxf5 17. exf5 e5 18.
Bg5 Rg8 19. Bxf6 Rxg2+ 20. Qxg2 Bxg2 21. Bxe7 Bxf1 22. Rxf1 Nc5 23. Nd5 Qc6 24. Nxc5 Qxc5+ 25. Rf2 Rd7 26. Bg5 Kf8 27. Bh6+ Ke8 28. Nf6+ Kd8 29. Nxd7 Kxd7 30. Kf1 Qd4 31. Be2 Qxb2 32. Bxh5 Qb1+ 33. Kg2 Qe4+ 34. Kh2 Qxc4 35. f6 b5 36. Rd2 Qe4 37.
Kg3 Kc7 38. Bg5 Qf5 39. h4 Qe4 40. Bxf7 Qe1+ 41. Kg4 Qg1+ 42. Kh5 Qg3 43. Kg6 Qg4 44. h5 Qe4+ 45. Kg7 Qf5 46. Bh6 Qg4+ 47. Bg6 e4 48.
f7 e3 49. Bxe3 Qd7 50. Re2 Kb7 51. Kg8 Qd8+ 52. f8=Q Qxf8+ 53. Kxf8 d5 54. h6 Kc6 55. Bd4 b4 56. Rc2+ Kb5 57. h7 Ka4 58. h8=Q a5 59.
Qe5 b3 60. Qxd5 Ka3 61. Qxb3# 1-0

[Event "Late-Titled-Tuesday-Blitz-September-26-2023"]
[Site "Chess.com"]
[Date "2023.09.26"]
[Round "10"]
[White "FMVolodymyrSakun"]
[Black "bazar-wokzal"]
[Result "1-0"]
[WhiteElo "2657"]
[BlackElo "2664"]
[TimeControl "180+1"]
[EndTime "15:51:27 PDT"]
[Termination "FMVolodymyrSakun won by resignation"]

1. e4 Nc6 2. Nf3 d5 3. exd5 Qxd5 4. Nc3 Qa5 5. d4 Bg4 6. Bb5 O-O-O 7. Bxc6 bxc6 8. h3 Qh5 9. Qd3 Bxf3 10. gxf3 e6 11. Qa6+ Kd7 12. Ke2 Bd6 13. Ne4 Ne7 14. Be3 Qb5+ 15.
Qxb5 cxb5 16. a4 a6 17. axb5 axb5 18. Ra5 Rb8 19. Ng5 Ke8 20. Rha1 Nf5 21. Ra7 h6 22. Ne4 Kd7 23. R1a6 Rhc8 24. c3 Kd8 25. Kd3 Be7 26. b3 Nh4 27. Ke2 g5 28. f4 f5 29. Nc5 Bxc5 30. dxc5 gxf4 31. Bxf4 Ng6 32. Bxh6 Kd7 33. Rd6+ Ke7 34. Bg5+ Kf7 35. Rc6 Ne5 36. Rcxc7+ Rxc7 37.
Rxc7+ Kg6 38. Bf4 Kf6 39. Ra7 Rc8 40. Bxe5+ Kxe5 41. b4 Kd5 42. Kd3 e5 43. Rd7+ Ke6 44. Rd6+ Ke7 45. Rb6 Rd8+ 46. Ke2 e4 47. Rxb5 Rd3 48. Rb7+ Ke6 49. b5 Rxc3 50. c6 f4 51. Kd2 Rc5 52. c7 Kd5 53. b6 Kd4 54.
Rb8 e3+ 55. fxe3+ fxe3+ 56. Ke2 Rc2+ 57. Kf3 Rf2+ 58. Kg3 1-0

[Event "Late-Titled-Tuesday-Blitz-September-26-2023"]
[Site "Chess.com"]
[Date "2023.09.26"]
[Round "10"]
[White "The_Princess_Moon"]
[Black "Bodhanas"]
[Result "1/2-1/2"]
[WhiteElo "2293"]
[BlackElo "2122"]
[TimeControl "180+1"]
[EndTime "15:51:29 PDT"]
[Termination "Game drawn - insufficient material"]

1. e4 e6 2. Qe2 b6 3. g3 Bb7 4. Bg2 d6 5. Nc3 Nd7 6. d4 e5 7. Nf3 Ngf6 8. O-O Be7 9. dxe5 dxe5 10. Rd1 Bd6 11. Nb5 O-O 12. Nxd6 cxd6 13. Bg5 Qc7 14. Ne1 h6 15. Bxf6 Nxf6 16. c3 Rad8 17. Nc2 d5 18.
exd5 Bxd5 19. Bxd5 Nxd5 20. c4 Nf6 21. Ne3 Rxd1+ 22. Rxd1 Rd8 23. b3 Rxd1+ 24. Qxd1 Qd7 25.
Qa1 Qd4 26. Qxd4 exd4 27. Nf5 d3 28. Kf1 Ne4 29. Ke1 d2+ 30. Kd1 Nxf2+ 31. Kxd2 Ng4 32. h3 Nf6 33. Ne7+ Kf8 34. Nc8 Ne4+ 35. Ke3 Nxg3 36. Nxa7 Nf5+ 37. Kf4 Ne7 38. b4 Ke8 39. a4 Kd7 40. Nb5 f6 41. Nc3 g5+ 42. Kg4 f5+ 43. Kh5 f4 44. Kxh6 f3 45. Ne4 Nc6 46. b5 Ne5 47.
Kxg5 Nxc4 48. Kf4 Nb2 49. Kxf3 Nxa4 50. h4 Nb2 51. h5 Ke6 52. h6 Kf7 53. Nd6+ Kg6 54.
Ke4 Na4 55. Nf5 Nc3+ 56. Ke5 Nxb5 57. Ne7+ Kxh6 58. Nd5 Nc3 59. Nxb6 1/2-1/2

[Event "Late-Titled-Tuesday-Blitz-September-26-2023"]
[Site "Chess.com"]
[Date "2023.09.26"]
[Round "10"]
[White "laskakid"]
[Black "RebecaJimnz"]
[Result "1-0"]
[WhiteElo "2334"]
[BlackElo "2204"]
[TimeControl "180+1"]
[EndTime "15:51:30 PDT"]
[Termination "laskakid won by resignation"]

1. d4 d5 2. c4 c6 3. cxd5 cxd5 4.
Bf4 Nf6 5. e3 Nc6 6. Nc3 a6 7.
Be2 e6 8. Nf3 Bd6 9. Bxd6 Qxd6 10.
O-O O-O 11. Rc1 e5 12. dxe5 Nxe5 13. Nd4 Bg4 14. h3 Bxe2 15. Qxe2 Rac8 16. Rfd1 Qb4 17.
Nf3 Nc4 18. b3 Nb6 19. Rd4 Qa3 20. Rc2 Rc7 21. Rdd2 Rfc8 22. Nb1 Qd6 23. Rxc7 Rxc7 24. Rc2 Ne4 25. Nd4 Nd7 26. Qd1 g6 27. Qc1 Rxc2 28. Qxc2 Qf6 29. f3 Ng3 30. Qc7 Qe5 31. Qxe5 Nxe5 32.
Kf2 Nh5 33. Nc3 Nd3+ 34. Ke2 Nb4 35. a3 Nc6 36. Nxd5 Nxd4+ 37. exd4 Ng7 38. Kd3 Ne6 39. Nf6+ Kg7 40. Nd7 f5 41. Nc5 Nxc5+ 42. dxc5 Kf7 43. Kd4 Ke6 44. b4 h5 45. a4 h4 46. b5 axb5 47.
axb5 g5 48. c6 bxc6 49. bxc6 g4 50. fxg4 fxg4 51. hxg4 Kd6 52. Ke4 Kxc6 53. Kf5 Kd5 54. g5 Kd4 55. g6 Ke3 56. g7 Kf2 57. g8=Q h3 58. gxh3 Kf1 59. Kf4 1-0

[Event "Late-Titled-Tuesday-Blitz-September-26-2023"]
[Site "Chess.com"]
[Date "2023.09.26"]
[Round "10"]
[White "K_alena13"]
[Black "Verony64"]
[Result "1/2-1/2"]
[WhiteElo "2102"]
[BlackElo "2257"]
[TimeControl "180+1"]
[EndTime "15:51:32 PDT"]
[Termination "Game drawn by repetition"]

1. Nf3 d6 2. d4 c6 3. c4 Nd7 4. Nc3 e5 5. e4 Be7 6. Be2 Ngf6 7. O-O Qc7 8. Qc2 O-O 9. Rd1 Re8 10. a3 Bf8 11. b4 g6 12. c5 exd4 13. cxd6 Bxd6 14. Rxd4 Ne5 15. Bg5 Nxf3+ 16. Bxf3 Bxh2+ 17. Kh1 Be5 18. Rd2 Be6 19. Rad1 Rad8 20. Ne2 Rxd2 21. Rxd2 Kg7 22. Nd4 Bxd4 23. Rxd4 Qe5 24. Be3 Ng4 25.
Bxg4 Bxg4 26. Rd2 Qh5+ 27. Kg1 Be6 28. Qc3+ f6 29. Rd6 Kf7 30. Qd4 Qe5 31. Qxe5 fxe5 32. a4 a6 33. a5 Re7 34. Bc5 Rd7 35. f3 Rxd6 36. Bxd6 Kf6 37. Kf2 Bc4 38. g3 Ke6 39.
Bc5 Bb3 40. Ke3 g5 41. Bf8 h5 42. Bc5 Bd1 43. Kf2 g4 44. fxg4 Bxg4 45. Ke3 Bh3 46. Bf8 Bf1 47. Bc5 Bg2 48. Bf8 Bh3 49. Bc5 Bg4 50. Bf8 Kf7 51. Bc5 Kf6 52. Bd6 Ke6 53. Bc5 Kf6 54. Bb6 Kg6 55. Bc7 Kf6 56. Bd6 Ke6 57. Bc7 Bd1 58. Bb8 Bb3 59. Bc7 Bc2 60. Bb8 Bb1 61. Bc7 Ba2 62. Bb8 Bc4 63. Bc7 Bb5 64.
Bb8 Bc4 65. Bc7 Bb5 66. Bb8 Ba4 67. Bc7 Bb5 1/2-1/2

[Event "Late-Titled-Tuesday-Blitz-September-26-2023"]
[Site "Chess.com"]
[Date "2023.09.26"]
[Round "10"]
[White "scandalgod"]
[Black "Zampronha1971"]
[Result "1/2-1/2"]
[WhiteElo "2487"]
[BlackElo "2299"]
[TimeControl "180+1"]
[EndTime "15:51:35 PDT"]
[Termination "Game drawn - insufficient material"]

1. d4 Nf6 2. c4 e6 3. g3 d5 4. Nf3 Be7 5. Bg2 O-O 6. O-O c6 7. Qc2 Nbd7 8. Nbd2 b6 9. e4 Bb7 10. e5 Ne8 11. cxd5 cxd5 12. Re1 Rc8 13. Qa4 a6 14.
Bf1 b5 15. Qd1 Nb6 16. Bd3 Nc4 17. Nf1 b4 18. h4 a5 19. N1h2 Rc6 20. Bb1 f5 21. exf6 Bxf6 22. Ng4 Bc8 23. b3 Na3 24. Bd3 Ba6 25. Bxa6 Rxa6 26. Qd3 Rc6 27. Bxa3 bxa3 28. Rac1 Qc8 29. Qd2 Rxc1 30. Rxc1 Qa6 31. Qe3 Rf7 32. h5 Rc7 33. h6 a4 34. Nxf6+ gxf6 35. Re1 axb3 36.
Qxb3 Qc4 37. Qb8 Re7 38. Qf4 Qxa2 39. Qg4+ Kf8 40. Rxe6 Rxe6 41. Qxe6 Qb1+ 42. Kg2 Qe4 43. Qa6 Ke7 44. Qxa3+ Ke6 45. Qe3 Nd6 46. Kf1 Qxe3 47. fxe3 Ne4 48. Kg2 Kf5 49. Ne1 Kg6 50. Nd3 Kxh6 51.
Nf4 Nc3 52. Kf3 Kg5 53. Nd3 h5 54. Nf4 h4 55. gxh4+ Kxh4 56. Ne6 Kh5 57. Kf4 Kg6 58. Nc7 Kf7 59. Kf5 Ke7 60. Ne6 Nd1 61. Nf4 Nxe3+ 62. Kg6 Nc2 63. Nxd5+ Ke6 64. Nf4+ Kd6 65. d5 Ne3 66.
Kxf6 Nxd5+ 1/2-1/2

[Event "Late-Titled-Tuesday-Blitz-September-26-2023"]
[Site "Chess.com"]
[Date "2023.09.26"]
[Round "10"]
[White "aranibos"]
[Black "orestn"]
[Result "0-1"]
[WhiteElo "2286"]
[BlackElo "2410"]
[TimeControl "180+1"]
[EndTime "15:51:37 PDT"]
[Termination "orestn won on time"]

1. d4 d5 2. Nf3 e6 3. c3 Nf6 4.
Bg5 Nbd7 5. Nbd2 h6 6. Bh4 Be7 7. e3 c5 8. Bd3 O-O 9. Bg3 Qb6 10. Rb1 Re8 11. Ne5 Nxe5 12. Bxe5 Bd7 13. O-O Bb5 14. c4 Bc6 15. dxc5 Qxc5 16. b4 Qb6 17. c5 Qd8 18. b5 Bd7 19. Nb3 Rc8 20. Bxf6 Bxf6 21. Qh5 e5 22. Rfd1 Qe7 23. Rbc1 Be6 24. Bf1 Bg5 25. h3 d4 26. Qe2 dxe3 27. fxe3 Bxb3 28. axb3 Rxc5 29. Kh1 Rec8 30. Rxc5 Qxc5 31. e4 Qe7 32.
Qg4 Rd8 33. Rxd8+ Qxd8 34. Bc4 Bf4 35. g3 Bg5 36. h4 Bf6 37. Qe2 g6 38. Kg2 Kg7 39.
Kh3 h5 40. Kg2 b6 41. Qf2 Qd6 42. Qa2 Qd4 43. Qe2 Be7 44. Qf2 Qxf2+ 45. Kxf2 Bb4 46. Kf3 f5 47. Bd3 Kf6 48. Kf2 Bc3 49. Kf3 Be1 50. Bc2 f4 51. gxf4 Bxh4 52. fxe5+ Kxe5 53. Bd3 Be7 54. Bc4 Kf6 55. Bd5 Bd6 56. Kg2 g5 57. Kh3 Kg6 58. Be6 g4+ 59. Kh4 Be7+ 60. Kg3 Kg5 61. Bf5 Bd6+ 62. Kf2 h4 63. Kg2 Be5 64. Kf2 h3 65. Kg1 Kf4 66. Bd7 Kg3 67. Kh1 Kh4 0-1

[Event "Late-Titled-Tuesday-Blitz-September-26-2023"]
[Site "Chess.com"]
[Date "2023.09.26"]
[Round "10"]
[White "FairChess_on_YouTube"]
[Black "Iball95"]
[Result "1-0"]
[WhiteElo "3078"]
[BlackElo "2757"]
[TimeControl "180+1"]
[EndTime "15:51:43 PDT"]
[Termination "FairChess_on_YouTube won by checkmate"]

1. e4 c5 2. Nf3 e6 3. Bd3 Nc6 4.
O-O a6 5. Re1 d6 6. c3 Nf6 7.
Bc2 Be7 8. d4 cxd4 9. cxd4 O-O 10. Nc3 b5 11. Bg5 h6 12. Bh4 Bb7 13. Qd2 Rc8 14. Rad1 Re8 15. Bb1 b4 16. Na4 a5 17.
d5 Nb8 18. dxe6 fxe6 19. Nd4 Bf8 20. Qd3 Nbd7 21. Qb3 Qe7 22. f3 Qf7 23. Nb5 Nc5 24. Nxc5 dxc5 25. Qc2 g5 26. Bg3 c4 27. Bd6 Bg7 28.
Be5 Bf8 29. Nd6 Bxd6 30. Rxd6 Nh5 31. Red1 Re7 32. Qa4 Nf4 33. Qxa5 c3 34. bxc3 bxc3 35. Rd8+ Rxd8 36. Rxd8+ Kh7 37. Bxc3 Ne2+ 38. Kf2 Nxc3 39.
Qxc3 e5 40. Qb3 Qg7 41. Bd3 g4 42. Bc4 Qf6 43. Ba6 Qg7 44. Bc4 Qf6 45. Bg8+ Kg6 46. Qb4 gxf3 47. Rd6 fxg2+ 48. Rxf6+ Kxf6 49. Qd6+ Kg5 50. Qxe7+ Kf4 51. Bd5 g1=R 52. Qf6+ Kg4 53. Be6+ Kh5 54. Bf7+ Kg4 55. Qf5+ Kh4 56. Qh5# 1-0

[Event "Late-Titled-Tuesday-Blitz-September-26-2023"]
[Site "Chess.com"]
[Date "2023.09.26"]
[Round "10"]
[White "Chessdreamer2020"]
[Black "topin8"]
[Result "1-0"]
[WhiteElo "2525"]
[BlackElo "2416"]
[TimeControl "180+1"]
[EndTime "15:51:46 PDT"]
[Termination "Chessdreamer2020 won on time"]

1. e4 e5 2. Nf3 Nc6 3. Be2 Nf6 4.
d3 Bc5 5. Nbd2 O-O 6. O-O a5 7. c3 d6 8. Qc2 Ba7 9. h3 Ne7 10.
d4 Ng6 11. dxe5 dxe5 12. Nc4 Qe7 13. Be3 Bxe3 14. Nxe3 Nf4 15. Rfe1 Nxe2+ 16. Qxe2 c6 17. Nc4 Nd7 18. Rad1 f6 19. Nd6 Nc5 20. Qc4+ Ne6 21. Rd2 Ra6 22. Red1 b5 23. Qb3 a4 24. Qb4 Ra7 25. Ne1 Qc7 26. Nxc8 Rxc8 27. Rd6 Kf7 28. c4 Rb8 29. cxb5 cxb5 30. Nd3 Qc4 31. Qd2 Nd4 32.
a3 Qc7 33. Rd5 Rc8 34. Nc5 Qe7 35. Qb4 Rac7 36. Nd3 Qxb4 37. axb4 Ke6 38. Nc5+ Ke7 39. f4 Nc6 40. fxe5 Nxe5 41. Rd6 Rc6 42. R6d5 h5 43. Kh2 g6 44. Rf1 Rf8 45. Rfd1 Rfc8 46. Nd3 Nxd3 47. R1xd3 Ke6 48. Rxb5 Rc4 49. Rb6+ R8c6 50.
Rb7 Rxe4 51. b5 Rc2 52. Rg3 g5 53. Rb6+ Kf5 54. Rf3+ Ke5 55. Rbxf6 Ree2 56. R6f5+ Ke4 57. Rxg5 Rxb2 58. Ra3 Rb4 59. Rxh5 Kf4 60. Rh4+ Kg5 61. Rxb4 1-0

[Event "Late-Titled-Tuesday-Blitz-September-26-2023"]
[Site "Chess.com"]
[Date "2023.09.26"]
[Round "10"]
[White "PNEPaul"]
[Black "canary2016"]
[Result "0-1"]
[WhiteElo "1932"]
[BlackElo "2113"]
[TimeControl "180+1"]
[EndTime "15:51:49 PDT"]
[Termination "canary2016 won on time"]

1. e4 c5 2. d4 cxd4 3. c3 dxc3 4. Nxc3 Nc6 5. Nf3 d6 6. Bc4 Nf6 7. e5 dxe5 8. Qxd8+ Nxd8 9. Nb5 Rb8 10. Nxa7 e4 11.
Bb5+ Bd7 12. Ne5 Bxb5 13. Nxb5 Ne6 14. O-O g6 15. Be3 Bg7 16. Rac1 O-O 17. Nc7 Nxc7 18. Rxc7 e6 19. Ba7 Nd5 20. Nd7 Nxc7 21. Bxb8 Rd8 22. Bxc7 Rxd7 23. Bb6 Bxb2 24. a4 Bf6 25. a5 Kg7 26. h3 Rd2 27. Re1 Bd4 28. Rxe4 Bxb6 29. axb6 Rb2 30. Rc4 Rxb6 31. Rc7 Rb2 32. f3 b5 33. Rb7 b4 34. Kh2 b3 35. Kg3 Kf6 36.
Rb5 Rb1 37. h4 b2 38. f4 h5 39. Rb4 e5 40. fxe5+ Kxe5 41. Rb5+ Kd4 42. Rb8 Kc3 43.
Rc8+ Kd2 44. Rd8+ Ke2 45. Re8+ Kf1 46. Rb8 Ke2 47. Re8+ Kd3 48. Rd8+ Kc4 49. Rc8+ Kd5 50. Rd8+ Kc6 51. Rb8 Kc7 52. Rb3 Kc6 53. Rb8 f6 54. Rb3 Kc5 55. Rb8 Kd5 56. Rd8+ Ke5 57. Re8+ Kf5 58.
Rb8 Ke4 59. Re8+ Kd3 60. Rd8+ Ke2 61. Re8+ Kf1 62. Rb8 Kg1 63. Rb7 g5 64. hxg5 fxg5 65. Rb6 Kf1 66. Rf6+ Ke2 67. Re6+ Kd3 68. Rb6 Ke4 69.
Rb8 h4+ 0-1

[Event "Late-Titled-Tuesday-Blitz-September-26-2023"]
[Site "Chess.com"]
[Date "2023.09.26"]
[Round "10"]
[White "platy3"]
[Black "Oleksandr_Bortnyk"]
[Result "0-1"]
[WhiteElo "2888"]
[BlackElo "3016"]
[TimeControl "180+1"]
[EndTime "15:51:55 PDT"]
[Termination "Oleksandr_Bortnyk won by resignation"]

1. e4 Nf6 2. e5 Nd5 3. d4 d6 4.
Nf3 dxe5 5. Nxe5 c6 6. Bc4 Nd7 7. Nxd7 Qxd7 8. O-O Qg4 9. Qxg4 Bxg4 10. Nc3 e6 11. Nxd5 exd5 12. Re1+ Kd7 13. Bd3 Bd6 14. h3 Rae8 15. Rxe8 Rxe8 16. hxg4 Re1+ 17. Bf1 Bf4 18. Bxf4 Rxa1 19. a3 Ra2 20. Bc1 Ra1 21. Bd2 Rd1 22. Bc3 Rc1 23. g3 h6 24. Kg2 Rxc2 25. Bd3 Rc1 26. Kf3 b6 27. Bd2 Rd1 28. Ke2 Ra1 29. Bf5+ Ke7 30. Bb4+ Ke8 31. Bc2 a5 32. Bc3 Rh1 33.
Bf5 Ra1 34. Kf3 Ke7 35. Kf4 Rf1 36. Kf3 Ra1 37. Ke3 Rh1 38. Bc8 Kd8 39. Ba6 b5 40.
Bxa5+ Kd7 41. Bc3 Ra1 42. Kf4 Kc7 43. g5 h5 44. f3 Kd7 45. Bb4 Rb1 46. Bc3 Ra1 47.
Kf5 Rg1 48. Kf4 Rc1 49. Ke3 Ra1 50. Kf4 g6 51. Bb4 Rb1 52. Bc3 Rg1 53. Bb4 Ra1 54. Ke3 Rb1 55. Bc3 Ra1 56. Kf4 Rd1 57.
Ke5 Rg1 58. Kf4 Rg2 59. Bb7 Re2 60. Ba6 Re8 61. Bb4 Ra8 62. Bxb5 cxb5 63. Ke5 Re8+ 64. Kf6 Re3 65. Kxf7 Rxf3+ 66. Kxg6 Rxg3 67. Kxh5 Ke6 68.
Kh4 Rg2 69. Bc3 Kf5 70. Kh3 Rxg5 71. Kh4 Rg1 72. Kh3 Ke4 73. Kh2 Rg8 0-1

[Event "Late-Titled-Tuesday-Blitz-September-26-2023"]
[Site "Chess.com"]
[Date "2023.09.26"]
[Round "10"]
[White "AlexandraBotez"]
[Black "agustinv04"]
[Result "1-0"]
[WhiteElo "2250"]
[BlackElo "2329"]
[TimeControl "180+1"]
[EndTime "15:51:57 PDT"]
[Termination "AlexandraBotez won by resignation"]

1. d4 Nf6 2. c4 e6 3. Nf3 d5 4. cxd5 exd5 5. Nc3 c5 6. Bg5 Be6 7. e3 Nc6 8. Bb5 c4 9. Ne5 Rc8 10. Qa4 Qb6 11. Bxc6+ bxc6 12. Bxf6 gxf6 13. Nf3 Bd6 14.
Qc2 Rb8 15. Rb1 Qc7 16. h3 Qd7 17. e4 O-O 18. O-O Kh8 19. Rfe1 Bxh3 20. g3 Qg4 21. Nh2 Qg6 22. e5 Qxc2 23. exd6 Rbd8 24. Re2 Qg6 25.
Rbe1 Rxd6 26. Re3 Re6 27. Nf3 Rxe3 28. Rxe3 Bg4 29. Nh4 Qc2 30. f3 Bh5 31. Re2 Qc1+ 32. Kf2 Qh6 33. Nf5 Qg5 34. g4 Bg6 35. Ng3 Bd3 36. Re3 Rb8 37. Na4 a5 38. a3 Qf4 39.
Nh5 Qg5 40. Re7 c3 41. bxc3 Rb1 42. Re8+ Qg8 43. Rxg8+ Kxg8 44. Nxf6+ Kg7 45. Nd7 Ra1 46. Nac5 Rxa3 47. Nxd3 Rxc3 48. N3c5 Rc4 49. Ke3 a4 50. Nb6 Rb4 51. Nbxa4 Rb1 52. Nc3 Ra1 53. Kf4 Ra8 54. Ke5 Ra3 55. N3a4 Rxf3 56. Kd6 f5 57. gxf5 h5 58.
Kxc6 h4 59. Nc3 Rxf5 60. Ne6+ Kf6 61. Nc5 h3 62. Nxd5+ Rxd5 63. Kxd5 h2 64. Ne4+ Ke7 65. Ng3 Kd7 66. Nh1 Kd8 67. Kc5 Kd7 68. d5 Kd8 69. d6 Kd7 70. Kd5 Kd8 71. Ke6 Ke8 72. d7+ Kd8 73. Ng3 h1=Q 74. Nxh1 1-0

[Event "Late-Titled-Tuesday-Blitz-September-26-2023"]
[Site "Chess.com"]
[Date "2023.09.26"]
[Round "10"]
[White "Druid24"]
[Black "Djager97"]
[Result "1-0"]
[WhiteElo "2712"]
[BlackElo "2584"]
[TimeControl "180+1"]
[EndTime "15:51:58 PDT"]
[Termination "Druid24 won on time"]

1. e4 e6 2. Nc3 d5 3. d4 Nf6 4.
Bg5 Be7 5. e5 Nfd7 6. h4 h6 7. Bxe7 Qxe7 8. f4 a6 9. Nf3 c5 10. Qd2 Nc6 11. O-O-O b5 12. f5 b4 13. Ne2 exf5 14. Nf4 Nb6 15. dxc5 Qxc5 16. Nxd5 O-O 17. Nxb6 Qxb6 18. Bc4 Na5 19. Bd5 Bb7 20. Bxb7 Nxb7 21.
Qd3 Qe6 22. Kb1 Nc5 23. Qd5 Ne4 24. Rhe1 a5 25. Qxe6 fxe6 26. Rd7 Rf7 27. Red1 g5 28. hxg5 hxg5 29. Rxf7 Kxf7 30. Rd7+ Kg6 31. Nd4 Rh8 32. a3 bxa3 33. bxa3 f4 34. Nxe6 Kf5 35. Nc7 Kxe5 36. Rd5+ Kf6 37. Rxa5 Rh2 38. a4 Rxg2 39. Nd5+ Kg6 40. Ra6+ Kh5 41. a5 f3 42. Re6 f2 43. Ne3 Rg1+ 44. Kb2 Ng3 45. a6 f1=Q 46. Nxf1 Rxf1 47. Re3 Kh4 48. c4 Rf8 49. c5 Ra8 50. Re6 Nf5 51. c6 g4 52. c7 g3 53. Kb3 g2 54. Re1 Kg3 55. Kb4 Kf2 56. Rc1 Ne3 57. Kb5 g1=Q 58. c8=Q Rxc8 59. Rxc8 Qb1+ 60. Kc6 Qc2+ 61.
Kd7 Qf5+ 62. Kc7 Nd5+ 63. Kb8 Qe5+ 64. Kb7 Qe7+ 65. Kc6 Qe6+ 66. Kb7 Qb6+ 67. Ka8 Qxa6+ 68. Kb8 Qb6+ 69. Ka8 Qa5+ 70. Kb8 Qb5+ 71. Ka8 Ke3 72.
Rb8 1-0

[Event "Late-Titled-Tuesday-Blitz-September-26-2023"]
[Site "Chess.com"]
[Date "2023.09.26"]
[Round "10"]
[White "Rainbow2014"]
[Black "azikom"]
[Result "1-0"]
[WhiteElo "2444"]
[BlackElo "2605"]
[TimeControl "180+1"]
[EndTime "15:52:09 PDT"]
[Termination "Rainbow2014 won on time"]

1. e4 c5 2. Nf3 e6 3. d4 cxd4 4.
Nxd4 a6 5. c4 Nc6 6. Nc3 Nge7 7.
Nc2 g6 8. Be2 Bg7 9. O-O O-O 10.
Be3 f5 11. Qd2 fxe4 12. Nxe4 d5 13. Ng5 Bxb2 14. Rab1 Bg7 15. Bb6 Qd6 16. Ne4 Qf4 17.
Qxf4 Rxf4 18. Nd6 Be5 19. g3 Rf8 20. Nxc8 Raxc8 21. Bg4 Nf5 22. cxd5 exd5 23. Rfe1 Bc3 24. Red1 Ne5 25. Be2 Rfd8 26. Nd4 Nxd4 27. Bxd4 Bxd4 28. Rxd4 b5 29. Rbd1 Rc2 30. Kf1 Rxa2 31. Rxd5 Rxd5 32. Rxd5 Nc6 33. Bg4 Kf7 34. Rd7+ Ne7 35. Bf3 Kf6 36.
Rb7 Ra1+ 37. Kg2 h5 38. Rb6+ Kf7 39. Be4 Nf5 40. h3 Ra3 41. Bb7 Nd4 42. Bxa6 Ra5 43. Bb7 Nf5 44. Bd5+ Kg7 45. Be4 Ne7 46. g4 hxg4 47.
hxg4 Ra4 48. f3 Ra2+ 49. Kg3 Rb2 50. Rb7 Kf6 51. g5+ Ke6 52. Rb6+ Kf7 53. Rf6+ Kg7 54.
Re6 Kf7 55. Rf6+ Kg7 56. Rb6 b4 57. Rb7 Kf7 58. Bd5+ Kf8 59. Bc4 Ke8 60. f4 Kf8 61. Kf3 Rb1 62. Ke4 Rb2 63. Ke5 Rf2 64. Rb8+ Kg7 65.
Rb7 Kf8 66. Rxb4 Rf1 67. Rb7 Rf2 68. Bd5 Re2+ 69. Be4 Nf5 70. Kf6 1-0

[Event "Late-Titled-Tuesday-Blitz-September-26-2023"]
[Site "Chess.com"]
[Date "2023.09.26"]
[Round "10"]
[White "2k28Lakers"]
[Black "acertijo08"]
[Result "1-0"]
[WhiteElo "2570"]
[BlackElo "2407"]
[TimeControl "180+1"]
[EndTime "15:52:14 PDT"]
[Termination "2k28Lakers won by resignation"]

1. e4 c5 2. c3 Nf6 3. e5 Nd5 4. Nf3 e6 5. Bc4 Nb6 6. Bb3 c4 7. Bc2 d6 8. exd6 Bxd6 9. O-O O-O 10. d4 cxd3 11. Qxd3 g6 12. Bh6 Re8 13. Rd1 Be7 14.
Qe4 Qc7 15. Na3 Bd7 16. Ne5 Bc6 17. Qf4 Bf8 18. Bxf8 Rxf8 19. Nxg6 Qxf4 20. Nxf4 N8d7 21. Rd3 Kh8 22. Rh3 Nf6 23. Rd1 Rad8 24. Rhd3 Rxd3 25. Rxd3 Rg8 26. Rg3 Rd8 27. Nb1 Nc4 28. b3 Ne5 29. h3 Ng6 30. Nxg6+ hxg6 31. Rd3 Rc8 32. Kf1 Be4 33. Rd2 Bd5 34. c4 Bc6 35. Nc3 a6 36.
Bd3 Kg7 37. Be2 Kf8 38. f4 Ke7 39. Kf2 b6 40. Rd3 Bb7 41. Bf3 Bxf3 42. Kxf3 Rc5 43.
Ne4 Nxe4 44. Kxe4 b5 45. Kd4 Rc7 46. c5 Rd7+ 47. Ke4 f5+ 48. Ke3 Rc7 49. b4 a5 50. a3 axb4 51. axb4 Ra7 52. Rb3 Kd7 53. Kd4 Kc6 54. Ke5 Kd7 55. Kf6 Ra8 56. Rd3+ Kc7 57.
Kxe6 Ra4 58. Rd4 Ra2 59. g4 fxg4 60. hxg4 Rg2 61. f5 gxf5 62. gxf5 Re2+ 63. Kf7 Rf2 64. f6 Kc6 65. Ke7 Kc7 66. f7 Re2+ 67. Kf8 Rf2 68.
Rg4 Kd7 69. Kg8 Ke7 70. Re4+ Kd7 71. f8=Q Rxf8+ 72. Kxf8 Kc6 73. Ke7 Kd5 74. c6 Kxc6 75. Re5 Kb6 76. Rc5 1-0

[Event "Late-Titled-Tuesday-Blitz-September-26-2023"]
[Site "Chess.com"]
[Date "2023.09.26"]
[Round "10"]
[White "nihalsarin"]
[Black "kleinebeer98"]
[Result "1/2-1/2"]
[WhiteElo "3064"]
[BlackElo "2827"]
[TimeControl "180+1"]
[EndTime "15:52:27 PDT"]
[Termination "Game drawn - insufficient material"]

1. d4 Nf6 2. Qd3 c5 3. dxc5 e6 4. Be3 Na6 5. Bd4 Nxc5 6. Qd1 d6 7. Nf3 Qa5+ 8. c3 e5 9. b4 Qc7 10. bxc5 exd4 11. Qxd4 dxc5 12. Qe5+ Qxe5 13. Nxe5 g6 14. g3 Bg7 15. Bg2 O-O 16. Nd2 Re8 17. Nd3 Bg4 18. e3 Rad8 19. Nxc5 Nd5 20. Nxb7 Nxe3 21. Nxd8 Nxg2+ 22. Kf1 Rxd8 23. h3 Bxc3 24. hxg4 Bxa1 25. Kxg2 Rxd2 26. Rxa1 a5 27. Kf3 Kg7 28. Ke3 Rb2 29.
a4 Rb3+ 30. Ke2 Rb4 31. f4 g5 32. Kf3 Kg6 33. Ra3 h6 34. Ke3 h5 35. gxh5+ Kxh5 36. fxg5 Kxg5 37. Kf3 f5 38. Rc3 Rxa4 39. Rc8 Ra3+ 40.
Kf2 Ra1 41. Rg8+ Kf6 42. Rf8+ Ke6 43. Re8+ Kf7 44. Ra8 a4 45. Kf3 a3 46. Ra6 Ke7 47. Kg2 Kd7 48. Ra5 Ke6 49. Kf2 Kf6 50. Kg2 Kg5 51. Kf3 Kg6 52. Kg2 Kf6 53. Kf2 Ke6 54.
Kg2 Ra2+ 55. Kf3 Ra1 56. Kg2 Kf6 57. Kf2 Kg5 58. Kf3 a2 59. Kg2 Kg6 60. Ra6+ Kf7 61. Ra5 Ke6 62. Ra8 Kd5 63. Ra7 Kc6 64. Ra8 Kb5 65.
Ra7 Kb6 66. Ra8 Kb7 67. Ra3 Kc6 68. Ra8 Kb5 69. Ra3 Kc5 70. Ra8 Kb4 71. Ra7 Kb3 72.
Rb7+ Kc2 73. Ra7 Kd3 74. Rd7+ Ke4 75. Re7+ Kd5 76. Ra7 Kc5 77. Ra8 Kd6 78. Ra5 Ke6 79. Ra8 Kf7 80. Ra6 Kg7 81. Ra8 Kg6 82. Ra7 Rb1 83.
Rxa2 Rb4 84. Kf3 Kg5 85. Re2 Rb3+ 86. Re3 Rxe3+ 87. Kxe3 Kg4 88. Kf2 f4 89. gxf4 Kxf4 1/2-1/2

[Event "Late-Titled-Tuesday-Blitz-September-26-2023"]
[Site "Chess.com"]
[Date "2023.09.26"]
[Round "10"]
[White "Jarming"]
[Black "The_Straightforward_Rook"]
[Result "1-0"]
[WhiteElo "2682"]
[BlackElo "2539"]
[TimeControl "180+1"]
[EndTime "15:52:30 PDT"]
[Termination "Jarming won by resignation"]

1. d4 Nf6 2. c4 e6 3. Nc3 Bb4 4. e3 O-O 5. Bd2 d5 6. a3 Be7 7. Nf3 b6 8. b4 a5 9. Rb1 axb4 10. axb4 Nbd7 11. c5 c6 12. cxb6 Nxb6 13. Bd3 Ba6 14. Bxa6 Rxa6 15. Ne5 Qa8 16. O-O Nfd7 17.
b5 cxb5 18. Nxb5 Ra2 19. Nc3 Ra6 20. Nxd7 Nxd7 21. Qe2 Nb6 22. Nb5 Ra2 23. Nc3 Ra6 24. e4 dxe4 25. Nxe4 Nd5 26. Qd3 h6 27. Nc5 Ra3 28. Qe4 Nf6 29. Qxa8 Rfxa8 30. Bb4 Ra2 31. Nd3 Nd5 32. Bxe7 Nxe7 33. Rb7 R2a7 34. Rbb1 Rd8 35.
Rb4 Rad7 36. Ne5 Rxd4 37. Rb7 Kf8 38. g3 f6 39. Nf3 R8d7 40. Nxd4 Rxb7 41. Nxe6+ Kf7 42.
Nc5 Rc7 43. Ne4 Rc2 44. Rd1 Ke6 45. Rd6+ Kf7 46. Rd7 Ke8 47. Ra7 Nf5 48. h4 Kf8 49.
h5 Nd4 50. Kg2 Rb2 51. Nd6 Ne6 52. Rf7+ Kg8 53. Re7 Ng5 54. Ne8 Kf8 55. Re1 Rd2 56. Nc7 Rc2 57. Nd5 Rd2 58. Nf4 Rb2 59. Ng6+ Kf7 60.
Re7+ Kg8 61. Re8+ Kf7 62. Re7+ Kg8 63. Re3 Kf7 64. Nh4 Rb7 65. Nf5 Ra7 66. Rd3 Ne6 67. Nd6+ Kg8 68. Nf5 Kf7 69. Re3 Ng5 70. Nd6+ Kg8 71.
Re8+ Kh7 72. Nf5 Nf7 73. Nh4 Rd7 74. Ng6 Rd8 75. Re7 Kg8 76. Nh4 Rc8 77. Nf5 Rd8 78. Ra7 Rb8 79. Rc7 Ra8 80. Rb7 Rc8 81. Rxf7 Kxf7 82.
Nd6+ Ke7 83. Nxc8+ Kd7 84. Nb6+ Kc6 85. Nc4 Kd5 86.
Ne3+ Ke4 87. Kh3 Kf3 88. Kh4 Kxf2 89. Nf5 Kf3 90. Nxg7 Ke4 91. g4 Kf4 92. Nf5 Ke5 93. Nxh6 1-0